 Dungeon Crawl Stone Soup version 0.32-a0-898-g7811c86cf0 (webtiles) character file.

Game seed: 9108201768848782255

100 Ajdolov the Magician (level 4, 0/30 HPs)
             Began as a Mummy Summoner on Apr 4, 2024.
             Slain by a cerulean imp
             ... wielding a +2 spear
             ... summoned by Natasha
              (3 damage)
             ... on level 2 of the Dungeon.
             The game lasted 00:02:48 (2030 turns).

Ajdolov the Magician (Mummy Summoner)               Turns: 2030, Time: 00:02:48

Health: 0/30       AC:  3    Str: 11    XL:     4   Next: 46%
Magic:  9/10       EV: 11    Int: 16    God:
Gold:   70         SH:  0    Dex: 12    Spells: 9/12 levels left

rFire   x . .        i - +1 dagger (venom)
rCold   + . .        (no shield)
rNeg    + + +        a - +0 robe
rPois   ∞            (no helmet)
rElec   .            b - +0 cloak
rCorr   .            (no gloves)
SInv    .            (no boots)
Will    .....        (no amulet)
Stlth   ++           (no ring)
HPRegen 0.25/turn    (no ring)
MPRegen 0.12/turn

%: faith
@: slowed, very slow
A: cold resistance 1, negative energy resistance 3, torment resistance 2, heat
vulnerability 1, in touch with death 1, no potions, faith
a: no special abilities


You were on level 2 of the Dungeon.
You visited 1 branch of the dungeon, and saw 2 of its levels.

You collected 70 gold pieces.

Inventory:

Hand Weapons
 f - a +0 sling
 i - a +1 dagger of venom (weapon)
Armour
 a - a +0 robe (worn)
 b - a +0 cloak (worn)
Scrolls
 c - 4 scrolls of identify {unknown}
 d - a scroll of immolation {unknown}
 g - 4 scrolls of poison {unknown}
 h - a scroll of noise {unknown}


   Skills:
 - Level 1.5 Dodging
 - Level 1.5 Stealth
 + Level 4.5 Spellcasting
 + Level 4.2 Summonings


You had 9 spell levels left.
You knew the following spells:

 Your Spells              Type           Power      Damage    Failure   Level
a - Summon Small Mammal   Summ           68%        N/A       2%          1
b - Call Imp              Summ           34%        N/A       4%          2

Your spell library contained the following spells:

 Spells                   Type           Power      Damage    Failure   Level
 Call Canine Familiar     Summ           17%        N/A       9%          3
 Sandblast                Erth           6%         2d5       16%         1
 Stone Arrow              Conj/Erth      6%         3d7       43%         3
 Summon Blazeheart Golem  Fire/Summ      10%        N/A       56%         4
 Summon Lightning Spire   Summ/Air       10%        N/A       56%         4
 Brom's Barrelling Bould  Conj/Erth      3%         2d3       85%         4


Dungeon Overview and Level Annotations

Branches:
Dungeon (2/15)

Altars:

Annotations:
D:2 Natasha


Innate Abilities, Weirdness & Mutations

You are immune to poison.
Your flesh is cold resistant. (rC+)
You are immune to negative energy. (rN+++)
You are immune to unholy pain and torment.
You are vulnerable to heat. (rF-)
You are in touch with the powers of death.
You do not drink.
You have a special connection with the divine. (Faith)


Message History

You feel yourself slow down.
There is a stone staircase leading down here.
Natasha casts a spell at you. The magic dart hits you.
Natasha claws you but does no damage.
A tiny devil pulls itself out of the air.
Natasha stares at you and mumbles some strange words.
The magic dart hits you! Natasha claws you but does no damage.
You closely miss Natasha.
Your cerulean imp hits Natasha but does no damage.
Natasha claws you.
Unknown command.
You barely miss Natasha.
Your cerulean imp hits Natasha but does no damage.
Natasha casts a spell.
Your cerulean imp hits Natasha with a -3 spear.
Natasha claws you!
You closely miss Natasha.
Natasha is lightly wounded.
Your cerulean imp misses Natasha.
The cerulean imp barely misses you. Natasha closely misses you.
Unknown command.
Your cerulean imp hits Natasha with a -3 spear.
The cerulean imp closely misses you. Natasha claws your cerulean imp.
Your cerulean imp hits Natasha but does no damage.
The cerulean imp misses you.
Natasha closely misses your cerulean imp.
Your cerulean imp closely misses Natasha.
Natasha barely misses your cerulean imp.
The cerulean imp attacks as it pursues you!
The cerulean imp hits you from afar with a +2 spear.
* * * LOW HITPOINT WARNING * * *
Your cerulean imp hits Natasha but does no damage.
The cerulean imp hits you from afar with a +2 spear.
* * * LOW HITPOINT WARNING * * *
Natasha casts a spell.
Your cerulean imp barely misses Natasha.
The cerulean imp attacks as it pursues you!
The cerulean imp hits you from afar with a +2 spear.
You die...

######## #########
#......# #.......#
##### #.####.#
#.#####.# #.... #.#
#.# ####.#####)#
#....
#.####.###....5..##.#
#....
#..........#5.##@##.#
#....
#..###.####.h.##.##.#
#.... #..###.#
#.....>....# #....
.......#
##...##.####### #....
#......#
##.###.......# #....
##.##.## #.#
#######.# #...!
......# #.# #.##
##### #.##..# ##+##
#..# # #.##..#
##...## ##.# ####


You could see a cerulean imp (summoned).

Vanquished Creatures
  3 adders (D:2)
  A ribbon worm (D:2)
  5 endoplasms
  A giant cockroach (D:1)
  5 goblins
  A hobgoblin (D:2)
  2 quokkas
  2 ball pythons (D:1)
  A bat (D:1)
  2 frilled lizards
  5 kobolds
  2 rats
30 creatures vanquished.

Vanquished Creatures (collateral kills)
  Natasha (D:2)
  An adder (D:2)
  An endoplasm (D:2)
  A goblin (D:1)
  A quokka (D:1)
  A frilled lizard (D:2)
  2 kobolds (D:1)
8 creatures vanquished.

Grand Total: 38 creatures vanquished

Notes
Turn   | Place    | Note
-------+----------+-------------------------------------------
     0 | D:1      | Ajdolov the Mummy Summoner began the quest for the Orb.
     0 | D:1      | Reached XP level 1. HP: 13/13 MP: 4/4
   335 | D:1      | Reached XP level 2. HP: 19/19 MP: 4/6
  1135 | D:2      | Reached XP level 3. HP: 22/24 MP: 8/8
  1220 | D:2      | Learned a level 2 spell: Call Imp
  1636 | D:2      | Reached XP level 4. HP: 29/30 MP: 7/10
  1767 | D:2      | Noticed Natasha
  1776 | D:2      | Killed Natasha
  2018 | D:2      | Noticed Natasha
  2030 | D:2      | Slain by a cerulean imp

Illustrated notes

Levels and vault maps discovered:
D:1:      shiori_arrival_elements, layout_loops_ring
D:2:      layout_loops_corners, basic_altar, uniq_natasha

Skill      XL: |  1  2  3 |
---------------+----------+-----
Spellcasting   | 3 4 |  4.5
Summonings     | 4 |  4.2
Dodging        | |  1.5
Stealth        | |  1.5

Action                     |  1- 3 |  4- 6 || total
---------------------------+-------+-------++-------
  Melee: Dagger            |    27 |    17 ||    44
         Unarmed           |     3 |       ||     3
         Short sword       |    41 |       ||    41
   Cast: Summon Small Mamm |    15 |       ||    15
         Call Imp          |     8 |     3 ||    11
   Stab: Sleeping          |     3 |       ||     3
         Distracted        |     1 |       ||     1
 Armour: Robe              |    43 |    17 ||    60
  Dodge: Dodged            |    42 |     9 ||    51

Table legend: (Time is in decaauts)
 A = Elapsed time spent in this place.
 B = Non-inter-level travel time spent in this place.
 C = Inter-level travel time spent in this place.
 D = Time resting spent in this place.
 E = Time spent auto-exploring this place.
 F = Levels seen in this place.
 G = Mean time per level.
                   A        B        C        D        E       F      G
               +--------+--------+--------+--------+--------+-----+--------+
         Total |   2032 |   1965 |     67 |      0 |   1584 |   2 | 1016.0 |
       Dungeon |   2032 |   1965 |     67 |      0 |   1584 |   2 | 1016.0 |
               +--------+--------+--------+--------+--------+-----+--------+

Top non-repeatable levels by time:
     D:2: 1088 daAuts
     D:1: 944 daAuts
